 Dungeon Crawl Stone Soup version 0.28.0-49-g6dfe1f597d (webtiles) character file.

Game seed: 10072323756073736832

61449 101zpm the Eclecticist (level 15, -5/81 HPs)
             Began as a Djinni Fire Elementalist on May 14, 2022.
             Was a High Priest of Hepliaklqana.
             Killed by an exploding frost giant (6 damage)
             ... ignited by their inner flame
             ... on level 15 of the Dungeon.
             The game lasted 01:28:41 (18090 turns).

101zpm the Eclecticist (Djinni Fire Elementalist)  Turns: 18090, Time: 01:28:42

Health: -5/81      AC: 10    Str: 10    XL:     15   Next: 42%
Gold:   650        EV: 14    Int: 28    God:    Hepliaklqana [*****.] SH:  8 Dex: 24

rFire   + + +      SeeInvis .   G - +8 dagger "Udinath" {spect, Str+3 Stlth+}
rCold   . . .      Faith    .   m - +2 buckler of the Wilderness {Rampage Regen+ Int+4 Dex-2}
rNeg    . . .      Spirit   .   M - +1 troll leather armour
rPois   ∞          Reflect  .   I - +0 helmet
rElec   .          Harm     .   f - scarf {rC+ rF+}
rCorr   .          Rampage  +   L - +2 pair of gloves
Will    +....                   (boots unavailable)
Stlth   ++++......              e - amulet of regeneration
HPRegen 2.63/turn               j - +6 ring of dexterity
MPRegen 0.00/turn               N - +6 ring of dexterity

@: flying, studying Stealth
A: reduced essence, sickness immunity, fire resistance 2, cold vulnerability 1,
float, innate caster, HP casting, extra vitality 1
a: Renounce Religion, Recall Ancestor, Ancestor Identity, Transference, Idealise


You were on level 15 of the Dungeon.
You worshipped Hepliaklqana.
Hepliaklqana was extremely pleased with you.
You visited 3 branches of the dungeon, and saw 18 of its levels.
You also visited: Sewer.

You collected 1648 gold pieces.
You spent 998 gold pieces at shops.

Inventory:

Hand Weapons
 x - the +4 whip of Dried Tears {freeze, rN+ Will+ Dex+2}
   (You found it on level 15 of the Dungeon)

   It freezes those it strikes, dealing additional cold damage.
   It can also slow down cold-blooded creatures.
   Dex:       It affects your dexterity (+2).
   rN:        It protects you from negative energy.
   Will:      It increases your willpower.
 G - the +8 dagger "Udinath" (weapon) {spect, Str+3 Stlth+}
   (You found it on level 3 of the Dungeon)

   When its wielder attacks, the weapon's spirit leaps out and strikes again.
   The spirit shares a part of any damage it takes with its wielder.
   Str:       It affects your strength (+3).
   Stlth:     It makes you more stealthy.
 P - the +7 dagger "Itopt" {elec, rElec}
   (You found it on level 12 of the Dungeon)

   It occasionally discharges a powerful burst of electricity upon striking a
   foe.
   rElec:     It insulates you from electricity.
 Q - the +5 broad axe of Indomitability {speed, Will- Str+3 SInv}
   (You found it on level 12 of the Dungeon)

   Attacks with this weapon are significantly faster.
   Str:       It affects your strength (+3).
   SInv:      It lets you see invisible.
   Will:      It decreases your willpower.
Missiles
 U - a throwing net
 X - 13 boomerangs
Armour
 a - the +0 scale mail of Contentment {rCorr Str+2}
   (You bought it in a shop on level 10 of the Dungeon)

   Str:       It affects your strength (+2).
   rCorr:     It protects you from acid and corrosion.
 f - a scarf of resistance (worn)
 m - the +2 buckler of the Wilderness (worn) {Rampage Regen+ Int+4 Dex-2}
   (You found it on level 15 of the Dungeon)

   Int:       It affects your intelligence (+4).
   Dex:       It affects your dexterity (-2).
   Regen:     It increases your rate of health regeneration.
   Rampage:   It bestows one free step when moving towards enemies.
 I - a +0 helmet (worn)
 K - the +1 plate armour of Cynicism {rElec Regen+ Int+4 Slay-2}
   (You found it on level 10 of the Dungeon)

   Int:       It affects your intelligence (+4).
   Slay:      It affects your accuracy & damage with ranged weapons and melee
   (-2).
   rElec:     It insulates you from electricity.
   Regen:     It increases your rate of health regeneration.
 L - a +2 pair of gloves (worn)
 M - a +1 troll leather armour (worn)
 Y - the +5 ring mail of Wajur {rF++ rC+}
   (You bought it in a shop on level 2 of the Orcish Mines)

   rF:        It greatly protects you from fire.
   rC:        It protects you from cold.
Jewellery
 c - a ring of protection from cold
 e - an amulet of regeneration (around neck)
 j - a +6 ring of dexterity (left hand)
 z - a ring of protection from fire
 H - a ring of ice
 N - a +6 ring of dexterity (right hand)
 S - a ring of wizardry
Wands
 i - a wand of polymorph (13)
 u - a wand of charming (3)
 v - a wand of iceblast (5)
 y - a wand of digging (9)
 A - a wand of acid (14)
 O - a wand of paralysis (3)
Scrolls
 b - a scroll of identify
 g - 2 scrolls of vulnerability
 h - 2 scrolls of enchant weapon
 s - 4 scrolls of magic mapping
 w - 7 scrolls of teleportation
 C - a scroll of silence
 T - a scroll of noise
 V - a scroll of fear
Potions
 d - 5 potions of haste
 k - 3 potions of magic
 l - 3 potions of might
 n - a potion of lignification
 o - 4 potions of heal wounds
 p - 2 potions of resistance
 q - 2 potions of invisibility
 r - 6 potions of curing
 t - 3 potions of mutation {unknown}
 B - 2 potions of attraction {unknown}
 D - 3 potions of ambrosia
 E - 2 potions of brilliance {unknown}
 F - 3 potions of flight {unknown}
 W - a potion of degeneration
Miscellaneous
 J - a piece from Xom's chessboard (15/15)
 R - a box of beasts


   Skills:
 + Level 2.8 Fighting
 + Level 0.4 Short Blades
 + Level 0.1 Maces & Flails
 + Level 5.1 Armour
 + Level 4.6 Dodging
 + Level 4.5 Stealth
 + Level 2.2 Shields
 + Level 18.8 Spellcasting


You had 12 spell levels left.
You knew the following spells:

 Your Spells              Type           Power      Damage    Failure   Level
a - Foxfire               Conj/Fire      100%       2x1d9     0%          1
b - Scorch                Fire           100%       2d10      0%          2
c - Conjure Flame         Conj/Fire      93%        6-21      0%          3
d - Inner Flame           Hex/Fire       93%        N/A       0%          3
e - Flame Wave            Conj/Fire      93%        2d16      0%          4
f - Shock                 Conj/Air       100%       1d9       0%          1
g - Passwall              Tmut/Erth      77%        N/A       0%          2
h - Lesser Beckoning      Tloc           93%        N/A       0%          3
i - Cause Fear            Hex            46%        N/A       0%          4
j - Manifold Assault      Tloc           93%        N/A       1%          5
k - Blade Hands           Tmut           46%        N/A       1%          5
l - Iron Shot             Conj/Erth      46%        9d9       1%          6
Your spell library was empty.

Dungeon Overview and Level Annotations

Branches:
Dungeon (15/15)            Temple (1/1) D:6            Lair (0/6) D:11
    Orc (2/2) D:12            Elf (0/3) Orc:2        Vaults (0/5) D:14
  Sewer (visited)
 Depths: D:15

Altars:
Ashenzari
Cheibriados
Dithmenos
Elyvilon
Fedhas
Gozag
Hepliaklqana
Kikubaaqudgha
Makhleb
Nemelex Xobeh
Okawaru
Qazlal
Ru
Sif Muna
Trog
Uskayaw
Vehumet
Wu Jian
Xom
Yredelemnul
Zin
The Shining One

Shops:
D:1 *   D:7 (   D:10 [   D:14 *   Orc:2 ?[:!

Annotations:
D:10 4 runed translucent doors, exclusion: downstairs
D:11 1 runed translucent door, DearestLeader's ghost, journeyman GnFi
D:12 exclusion: downstairs
D:14 2 transporters, Soale's ghost, journeyman FeTm


Innate Abilities, Weirdness & Mutations

Your life essence is reduced to manifest your ancestor. (-10% HP)
You are immune to sickness and miasma.
You are immune to poison.
Your flesh is very heat resistant. (rF++)
You are vulnerable to cold. (rC-)
You float through the air rather than walking.
You learn spells naturally, not from books.
Your magical power is your life essence.
You have superior vitality. (+4 MHP)


Message History

The frost giant points at you and mumbles some strange words.
The bolt of cold hits Shunnareh!
Shunnareh resists.
The bolt of cold hits you!!!
Ouch! That really hurt!
* * * LOW HITPOINT WARNING * * *
Shunnareh hits the frost giant with a +0 broad axe of flaming!
Flame seeps out of the frost giant.
Shunnareh burns the frost giant.
Flame seeps out of the frost giant.
Casting: Foxfire (safe; 0% risk of failure)
Confirm with . or Enter, or press ? or * to list all spells.
Flames lash the frost giant.
The frost giant is burned terribly!
Flame seeps out of the frost giant.
The frost giant is heavily wounded.
* * * LOW HITPOINT WARNING * * *
The frost giant is engulfed in blazing flames.
Flame seeps out of the frost giant.
Shunnareh blocks the frost giant's attack.
Shunnareh hits the frost giant with a +0 broad axe of flaming!
Flame seeps out of the frost giant.
Shunnareh burns the frost giant.
Flame seeps out of the frost giant.
Casting: Scorch (safe; 0% risk of failure)
Confirm with . or Enter, or press ? or * to list all spells.
Flames lash the frost giant.
The frost giant is burned terribly!
Flame seeps out of the frost giant.
The frost giant is severely wounded.
* * * LOW HITPOINT WARNING * * *
Your foxfire dissipates!
The frost giant is engulfed in blazing flames.
Flame seeps out of the frost giant.
The frost giant casts a spell at you.
The bolt of cold hits Shunnareh!
Shunnareh resists.
The bolt of cold hits you!!
* * * LOW HITPOINT WARNING * * *
Shunnareh hits the frost giant with a +0 broad axe of flaming!
Flame seeps out of the frost giant.
Shunnareh burns the frost giant.
The frost giant explodes!
Shunnareh avoids your attack. The fiery explosion engulfs you. You resist.
You die...

# ##### .....≈≈
#≈≈≈#.≈ #...)..###
#§R@# #....§°#.#
########## #≈≈≈#.≈#.#
###.........
.....≈≈#§#
##...≈≈≈≈≈... #
######§#
##.|≈≈≈≈####.. #§.#
#..≈≈≈###.#.##
#.####.≈≈≈≈#.#..##≈
##)###..≈≈≈≈#.....#≈
##....#.≈≈≈≈≈#.#####≈


You could see the friendly Shunnareh the knight.

Vanquished Creatures
  Louise (D:14)
  An ettin (D:12)
  A hydra (D:12)
  An ogre mage (D:12)
  A death knight (D:15)
  5 centaur warriors
  2 boulder beetles
  7 vault guards (D:14)
  Erica (D:9)
  14 two-headed ogres
  A tengu warrior (D:15)
  3 orc high priests (Orc:2)
  4 skeletal warriors
  3 orc knights (Orc:2)
  A deep elf pyromancer (D:15)
  A phantasmal warrior (D:14)
  3 orc sorcerers (Orc:2)
  4 cyclopes
  2 manticores
  17 ugly things
  Maggie (D:9)
  2 unseen horrors
  A komodo dragon (D:12)
  2 freezing wraiths (D:14)
  A tengu conjurer (D:12)
  7 trolls
  4 hornets
  9 slime creatures
  A vampire (D:12)
  A shadow (D:13)
  5 wraiths
  Eustachio (D:4)
  A wyvern (D:8)
  7 yaks
  2 basilisks
  3 fire elementals (D:13)
  9 vampire mosquitoes
  2 steam dragons
  Grum (D:10)
  A warg (Orc:2)
  6 water moccasins
  3 acid dragons
  3 hell hounds
  Duvessa (D:6)
  3 ice beasts
  6 black bears
  2 necrophages
  4 ogres
  18 orc warriors
  3 wolves (D:10)
  9 centaurs
  A phantom (D:6)
  4 bullfrogs
  10 kobold brigands
  4 gnoll sergeants
  4 scorpions
  2 water moccasin skeletons
  Dowan (D:6)
  17 killer bees
  13 wights
  An electric eel (D:7)
  A howler monkey (D:6)
  4 centaur zombies
  A lava snake (D:7)
  4 hounds
  A jelly (D:7)
  14 orc priests
  A bullfrog skeleton (D:6)
  An iron imp (D:6)
  An iguana (D:7)
  A scorpion zombie (D:5)
  15 orc wizards
  A killer bee zombie (D:7)
  A hound zombie (D:5)
  A howler monkey zombie (D:9)
  8 adders
  4 gnolls
  4 river rats (Sewer)
  A howler monkey simulacrum (D:10)
  An ufetubus (D:6)
  2 worms
  A dart slug (D:3)
  51 orcs
  8 ball pythons
  3 endoplasms
  2 giant cockroaches (D:3)
  7 goblins
  7 hobgoblins
  6 jackals
  8 quokkas
  7 bats
  10 frilled lizards
  A goblin skeleton (D:6)
  A goblin zombie (D:6)
  2 hobgoblin zombies (D:6)
  27 kobolds
  A kobold zombie (D:6)
  2 orc zombies (D:6)
  16 rats
476 creatures vanquished.

Vanquished Creatures (collateral kills)
  A frost giant (D:15)
  Azrael (D:13)
  A fire dragon (D:10)
  An ogre mage (Orc:2)
  A tengu warrior (D:15)
  An orc knight (Orc:2)
  An efreet (D:13)
  A freezing wraith (D:14)
  2 yaks (D:10)
  2 orc warriors
  An ogre (Orc:2)
  A wolf (D:10)
  A kobold brigand (D:12)
  2 killer bees
  4 orcs
  An orc skeleton (D:6)
  6 foxfires (D:11)
28 creatures vanquished.

Vanquished Creatures (others)
  A slime creature (D:14)
  6 knights
  1602 foxfires
  18 fungi (D:11)
  21 plants (D:11)
  7 withered plants (D:10)
1655 creatures vanquished.

Grand Total: 2159 creatures vanquished

Notes
Turn   | Place    | Note
-------+----------+-------------------------------------------
     0 | D:1      | 101zpm the Djinni Fire Elementalist began the quest for the
                  | Orb.
     0 | D:1      | Reached XP level 1. HP: 15/15 MP: 0/0
   368 | D:1      | Found a faded altar of an unknown god.
   376 | D:1      | Reached XP level 2. HP: 16/21 MP: 0/0
   866 | D:1      | Reached skill level 3 in Spellcasting
   874 | D:1      | Reached XP level 3. HP: 14/25 MP: 0/0
   874 | D:1      | Learned a level 1 spell: Shock
  1260 | D:1      | Found Deix's Assorted Antiques.
  2191 | D:3      | Reached XP level 4. HP: 28/31 MP: 0/0
  2395 | D:3      | Found a sacrificial altar of Ru.
  2453 | D:3      | Found a shimmering altar of Xom.
  2801 | D:5      | Entered Level 5 of the Dungeon
  2810 | D:5      | Reached XP level 5. HP: 33/35 MP: 0/0
  2810 | D:5      | Learned a level 2 spell: Passwall
  2831 | D:5      | Reached skill level 4 in Spellcasting
  3072 | D:5      | Found a glowing drain.
  3095 | D:5      | Noticed a water moccasin
  3098 | Sewer    | Entered a sewer
  3111 | Sewer    | Reached XP level 6. HP: 40/40 MP: 0/0
  3506 | D:5      | Killed a water moccasin
  3507 | D:5      | Reached skill level 5 in Spellcasting
  3507 | D:5      | Reached XP level 7. HP: 28/45 MP: 0/0
  3507 | D:5      | Learned a level 3 spell: Lesser Beckoning
  3571 | D:5      | Reached skill level 1 in Fighting
  3962 | D:5      | Reached skill level 6 in Spellcasting
  3993 | D:5      | Reached XP level 8. HP: 50/52 MP: 0/0
  4412 | D:4      | Reached skill level 7 in Spellcasting
  4475 | D:4      | Noticed Eustachio
  4479 | D:4      | Killed Eustachio
  4523 | D:4      | Found a sparkling altar of Nemelex Xobeh.
  5108 | D:6      | Reached skill level 8 in Spellcasting
  5108 | D:6      | Reached XP level 9. HP: 53/57 MP: 0/0
  5108 | D:6      | Learned a level 4 spell: Cause Fear
  5155 | D:6      | Noticed Duvessa
  5160 | D:6      | Killed Duvessa
  5173 | D:6      | Noticed Dowan
  5176 | D:6      | Killed Dowan
  5199 | D:6      | You are sucked into a shaft and drop 3 floors!
  5201 | D:9      | Found an opulent altar of Gozag.
  5205 | D:9      | Found a hazy altar of Hepliaklqana.
  5209 | D:9      | Found a hide-covered altar of Uskayaw.
  5247 | D:9      | Became a worshipper of Hepliaklqana the Forgotten
  5268 | D:9      | Reached skill level 9 in Spellcasting
  5313 | D:9      | Noticed Erica
  5318 | D:9      | Killed Erica
  5368 | D:9      | Reached XP level 10. HP: 59/62 MP: 0/0
  5369 | D:9      | Noticed Maggie
  5371 | D:9      | Killed Maggie
  5372 | D:9      | Reached skill level 10 in Spellcasting
  5690 | D:9      | Found an ornate altar of the Wu Jian Council.
  5699 | D:9      | Found a blossoming altar of Fedhas.
  5757 | D:8      | Reached * piety under Hepliaklqana
  5824 | D:8      | Noticed a two-headed ogre
  5830 | D:8      | Killed a two-headed ogre
  5831 | D:8      | Reached skill level 11 in Spellcasting
  6429 | D:7      | Reached XP level 11. HP: 53/60 MP: 0/0
  6429 | D:7      | Learned a level 5 spell: Manifold Assault
  6597 | D:7      | Found Rughey's Weapon Emporium.
  6693 | D:7      | Reached skill level 12 in Spellcasting
  7412 | D:6      | Reached ** piety under Hepliaklqana
  7442 | D:6      | Found a staircase to the Ecumenical Temple.
  7511 | D:6      | Remembered your ancestor Shunnareh as a knight
  7665 | D:6      | Found a glowing golden altar of the Shining One.
  7830 | Temple   | Entered the Ecumenical Temple
  8332 | D:3      | Identified the +8 dagger "Udinath" {spect, Str+3 Stlth+}
  9586 | D:10     | Entered Level 10 of the Dungeon
  9604 | D:11     | Noticed a two-headed ogre
  9627 | D:10     | Noticed a two-headed ogre
  9634 | D:10     | Killed a two-headed ogre
  9666 | D:10     | Found a large runed translucent door.
  9666 | D:10     | Found a large runed translucent door.
  9671 | D:10     | Noticed a centaur warrior
  9671 | D:10     | Noticed a catoblepas
  9761 | D:10     | Found a large runed translucent door.
  9761 | D:10     | Found a large runed translucent door.
  9830 | D:10     | Noticed Grum
  9837 | D:10     | Killed Grum
  9910 | D:10     | Reached skill level 13 in Spellcasting
 10015 | D:10     | Noticed a fire dragon
 10060 | D:10     | Killed a fire dragon
 10171 | D:10     | Found Joq Woiss's Antique Armour Shoppe.
 10193 | D:10     | Reached *** piety under Hepliaklqana
 10253 | D:10     | Found a basalt altar of Yredelemnul.
 10365 | D:10     | Found an iron altar of Okawaru.
 10378 | D:10     | Reached XP level 12. HP: 62/66 MP: 0/0
 10413 | D:10     | Noticed a two-headed ogre
 10418 | D:10     | Killed a two-headed ogre
 10696 | D:10     | Identified the +1 plate armour of Cynicism {rElec Regen+
                  | Int+4 Slay-2}
 10758 | D:10     | Bought a brightly glowing scale mail for 261 gold pieces
 10758 | D:10     | Identified the +0 scale mail of Contentment {rCorr Str+2}
                  | (You bought it in a shop on level 10 of the Dungeon)
 10758 | D:10     | Bought a pair of glowing gloves for 217 gold pieces
 10833 | D:11     | Reached skill level 14 in Spellcasting
 10867 | D:11     | Found a staircase to the Lair.
 10922 | D:11     | Killed a two-headed ogre
 10980 | D:11     | Noticed a two-headed ogre
 10987 | D:11     | Killed a two-headed ogre
 11186 | D:11     | Found a runed translucent door.
 11186 | D:11     | Found a shimmering altar of Xom.
 11186 | D:11     | Noticed DearestLeader's ghost (journeyman GnFi)
 11187 | D:11     | Noticed a +2 quarterstaff of chaos
 11346 | D:11     | Found a sparkling altar of Nemelex Xobeh.
 11884 | D:12     | Noticed a two-headed ogre
 11892 | D:12     | Killed a two-headed ogre
 11893 | D:12     | Reached skill level 1 in Armour
 12047 | D:12     | Noticed a two-headed ogre
 12051 | D:12     | Killed a two-headed ogre
 12053 | D:12     | Noticed a four-headed hydra
 12060 | D:12     | Killed a four-headed hydra
 12061 | D:12     | Reached skill level 15 in Spellcasting
 12089 | D:12     | Reached **** piety under Hepliaklqana
 12110 | D:12     | Reached XP level 13. HP: 70/70 MP: 0/0
 12110 | D:12     | Learned a level 5 spell: Blade Hands
 12139 | D:12     | Identified the +7 dagger "Itopt" {elec, rElec}
 12157 | D:12     | Noticed an ogre mage
 12163 | D:12     | Killed an ogre mage
 12218 | D:12     | Noticed an ettin
 12233 | D:12     | Killed an ettin
 12277 | D:12     | Identified the +5 broad axe of Indomitability {speed, Will-
                  | Str+3 SInv}
 12596 | D:12     | Found a staircase to the Orcish Mines.
 12901 | Orc:1    | Entered Level 1 of the Orcish Mines
 13501 | D:13     | Found a snail-covered altar of Cheibriados.
 13716 | D:13     | Noticed a boulder beetle
 13725 | D:13     | Killed a boulder beetle
 13726 | D:13     | Reached skill level 16 in Spellcasting
 13962 | Orc:2    | Entered Level 2 of the Orcish Mines
 14054 | Orc:2    | Found a staircase to the Elven Halls.
 14109 | Orc:2    | Noticed an ogre mage
 14119 | Orc:2    | Killed an ogre mage
 14592 | Orc:2    | Reached XP level 14. HP: 71/76 MP: 0/0
 14661 | Orc:2    | Reached skill level 17 in Spellcasting
 14747 | Orc:2    | Found Toigad's Book Shoppe.
 14747 | Orc:2    | Found Veppuch's Distillery.
 14763 | Orc:2    | Found Vate's Magic Scroll Shoppe.
 14763 | Orc:2    | Found Netogy's Antique Armour Boutique.
 14772 | Orc:2    | Bought 2 scrolls of magic mapping for 91 gold pieces
 14772 | Orc:2    | Bought a scroll of identify for 26 gold pieces
 14772 | Orc:2    | Bought a scroll of identify for 26 gold pieces
 14772 | Orc:2    | Bought a scroll of identify for 26 gold pieces
 14785 | Orc:2    | Bought a potion of degeneration for 14 gold pieces
 14785 | Orc:2    | Bought a potion of curing for 42 gold pieces
 14785 | Orc:2    | Bought a potion of heal wounds for 70 gold pieces
 14949 | Orc:2    | Bought an obsidian-encrusted ring mail for 225 gold pieces
 14949 | Orc:2    | Identified the +5 ring mail of Wajur {rF++ rC+} (You bought
                  | it in a shop on level 2 of the Orcish Mines)
 15797 | D:14     | Noticed Azrael
 16016 | D:13     | Killed Azrael
 16083 | D:13     | Reached skill level 1 in Shields
 16147 | D:14     | Noticed Soale's ghost (journeyman FeTm)
 16228 | D:14     | Found a shadowy altar of Dithmenos.
 16254 | D:14     | Reached ***** piety under Hepliaklqana
 16291 | D:14     | Found a transporter.
 16299 | D:14     | Found a transporter.
 16687 | D:14     | Noticed Louise
 16703 | D:14     | Killed Louise
 16819 | D:14     | Found a gate to the Vaults.
 16833 | D:14     | Found Wynty's Assorted Antiques.
 16878 | D:14     | Reached skill level 5 in Armour
 16884 | D:14     | Reached skill level 18 in Spellcasting
 16986 | D:14     | Reached XP level 15. HP: 64/81 MP: 0/0
 16986 | D:14     | Learned a level 6 spell: Iron Shot
 17096 | D:15     | Entered Level 15 of the Dungeon
 17102 | D:15     | Identified the +2 buckler of the Wilderness {Rampage Regen+
                  | Int+4 Dex-2}
 17125 | D:15     | Identified the +4 whip of Dried Tears {freeze, rN+ Will+
                  | Dex+2}
 17359 | D:12     | Identified a scroll of acquirement
 17360 | D:12     | Acquired a manual of Stealth
 18081 | D:15     | Noticed a frost giant
 18090 | D:15     | HP: 1/81 [frost giant/bolt of cold (22)]
 18090 | D:15     | Killed a frost giant
 18090 | D:15     | Killed by an exploding frost giant... ignited by their
                  | inner flame

Illustrated notes

Levels and vault maps discovered:
D:1:      minmay_arrival_doors, layout_rooms, serial_shops,
          nicolae_diamond_shop, ebering_ecumenical_altar_mist
D:2:      layout_basic, serial_corexii_hall, corexii_hall_statues_x,
          chequers_hall_statues_corner_a, hangedman_abyss_or_decor_lesser_grid
D:3:      layout_basic, tgw_xom, overflow_temple_1_default, serial_bayou_pond_d
D:4:      layout_basic, old_standard_altar, enter_ossuary_2, uniq_eustachio
D:5:      minmay_general_purpose_star, layout_basic,
          cheibrodos_sewer_entry_drain
D:6:      layout_rooms, nicolae_tso_besieged_by_evil, temple_doors_cd,
          kennysheep_generic_room_9, uniq_duvessa
D:7:      layout_loops_ring, mainiacjoe_overflow_brackets, serial_shops,
          nicolae_diamond_shop, nicolae_water_bricks, serial_park_tiny_1,
          kennysheep_opposing_triangles
D:8:      layout_rooms
D:9:      layout_cave_pools, mainiacjoe_overflow_swirl,
          grunt_temple_overflow_open, roderic_roman_lattice, uniq_maggie,
          uniq_erica
D:10:     layout_roguey, lemuel_crystal_altar, kennysheep_little_box,
          kiku_gazebo_garden_becter, serial_shops,
          nicolae_shop_overgrown_old_shop, minmay_hollow_rounded_squares,
          uniq_grum
D:11:     layout_basic, due_lair_maze_entry_diamond, ebering_ghost_xom,
          nemelex_diamond_rough_becter
D:12:     minmay_shrinking_squares, layout_irregular_city,
          kennysheep_orc_monster_closet_entryway, st_stairs_1
D:13:     layout_small_grid, cheibriados_altar_1
D:14:     layout_roguey, erik_vaults_2, nicolae_dithmenos_the_darkroom,
          gammafunk_ghost_hive, serial_shops, shop, uniq_louise, uniq_azrael
D:15:     grunt_enter_depths_snipers, layout_cave_pools, grunt_decor_junction
Temple:   jpeg_temple_island
Orc:1:    layout_diamond_mine, hellmonk_ghost_happy_afterlife, uniq_josephine
Orc:2:    grunt_orc_tribal_feast, layout_caves

Skill      XL: |  1  2  3  4  5  6  7  8  9 10 11 12 13 14 15 |
---------------+----------------------------------------------+-----
Spellcasting   | 3 4 5 6 8 9 11 13 15 16 18 | 18.8
Stealth        | 2 3 4 |  4.5
Fighting       | 1 2 |  2.8
Dodging        | 3 4 |  4.6
Armour         | 1 2 5 |  5.1
Shields        | 1 2 |  2.2
Short Blades   | |  0.4
Maces & Flails | |  0.1

Action                   |  1- 3 |  4- 6 |  7- 9 | 10-12 | 13-15 || total
-------------------------+-------+-------+-------+-------+-------++-------
Melee: Dagger            |       |       |       |     2 |    58 ||    60
       Flail             |       |       |       |     2 |       ||     2
 Cast: Foxfire           |   110 |   156 |   141 |   325 |   342 ||  1074
       Scorch            |     4 |    21 |    26 |    91 |   176 ||   318
       Inner Flame       |       |     2 |    56 |   127 |   161 ||   346
       Flame Wave        |       |       |       |     4 |     4 ||     8
       Lesser Beckoning  |       |       |       |     1 |       ||     1
       Shock             |       |       |       |    14 |    23 ||    37
       Manifold Assault  |       |       |       |     4 |       ||     4
       Cause Fear        |       |       |       |     2 |       ||     2
       Conjure Flame     |       |       |       |     1 |     3 ||     4
Invok: Ancestor Life: Kn |       |       |       |     1 |       ||     1
       Recall Ancestor   |       |       |       |     1 |     1 ||     2
  Use: Scroll            |       |       |       |     9 |    16 ||    25
Armor: Robe              |       |     1 |     3 |     7 |       ||    11
       Scale mail        |       |       |       |     3 |       ||     3
       Troll leather arm |       |       |       |     2 |     5 ||     7
       Plate armour      |       |       |       |       |    93 ||    93
Dodge: Dodged            |     1 |     5 |     9 |    37 |    64 ||   116
Block: Kite shield       |       |       |       |       |    62 ||    62
       Buckler           |       |       |       |       |    12 ||    12
